 Dungeon Crawl Stone Soup version 0.30-a0-373-gd37427bb62 (webtiles) character file.

Game seed: 15577581171761939806

2977 timneilson the Covered (level 9, -9/55 HPs)
             Began as a Gargoyle Fighter on Nov 24, 2022.
             Was an Initiate of Gozag.
             Mangled by a two-headed ogre
             ... wielding a +0 giant spiked club
              (12 damage)
             ... on level 8 of the Dungeon.
             The game lasted 00:17:16 (7113 turns).

timneilson the Covered (Gargoyle Fighter)           Turns: 7113, Time: 00:17:16

Health: -9/55      AC: 21    Str: 25    XL:     9   Next: 82%
Magic:  9/9        EV:  9    Int:  8    God:    Gozag
Gold:   616        SH:  5    Dex:  9    Spells: 8/8 levels left

rFire   + . .      SeeInvis .    o - +8 double sword "Beguzuff" {venom, rC+ Will+}
rCold   + . .      Faith    .    c - +0 buckler
rNeg    + . .      Spirit   .    m - +0 chain mail
rPois   ∞          Reflect  .    (no helmet)
rElec   +          Harm     .    l - +0 cloak
rCorr   .          Rampage  .    e - +0 pair of gloves
Will    ++...                    f - +0 pair of boots
Stlth   ..........               (no amulet)
HPRegen 0.29/turn                n - ring of willpower
MPRegen 0.11/turn                s - ring of protection from fire

@: no status effects
A: sickness immunity, AC +6, negative energy resistance 1, electricity
resistance, torment resistance 1, petrification resistance
a: Renounce Religion, Potion Petition, Call Merchant, Bribe Branch


You were on level 8 of the Dungeon.
You worshipped Gozag.
Gozag was pleased with you.
You visited 2 branches of the dungeon, and saw 9 of its levels.

You collected 740 gold pieces.
You paid 124 gold pieces to Gozag.

Inventory:

Hand Weapons
 a - a +1 vorpal long sword
 o - the +8 double sword "Beguzuff" (weapon) {venom, rC+ Will+}
   (You acquired it on level 6 of the Dungeon)

   It poisons the flesh of those it strikes.
   rC:        It protects you from cold.
   Will:      It increases your willpower.
Armour
 c - a +0 buckler (worn)
 e - a +0 pair of gloves (worn)
 f - a +0 pair of boots (worn)
 l - a +0 cloak (worn)
 m - a +0 chain mail (worn)
 p - +0 ice dragon scales
 D - a +0 plate armour
Jewellery
 j - a ring of flight
 n - a ring of willpower (left hand)
 q - a +4 ring of evasion
 s - a ring of protection from fire (right hand)
 y - a ring of see invisible
Wands
 w - a wand of iceblast (13)
 x - a wand of flame (16)
 A - a wand of mindburst (13)
Scrolls
 b - 2 scrolls of magic mapping
 g - 3 scrolls of teleportation
 r - a scroll of brand weapon
 B - 2 scrolls of poison
 C - 2 scrolls of identify
 F - a scroll of butterflies
 G - a scroll of fear
 H - a scroll of enchant weapon
 I - a scroll of amnesia {unknown}
Potions
 d - a potion of haste
 h - a potion of berserk rage
 i - 2 potions of resistance
 k - 10 potions of curing
 t - a potion of lignification
 u - a potion of mutation
 v - a potion of might
 z - a potion of invisibility
 E - a potion of flight {unknown}


   Skills:
 + Level 5.8 Fighting
 * Level 6.2 Long Blades
 * Level 7.8 Armour
 + Level 3.5 Dodging
 * Level 7.7 Shields
 + Level 3.0 Evocations


You had 8 spell levels left.
You didn't know any spells.
Your spell library contained the following spells:

 Spells                   Type           Power      Damage    Failure   Level
 Magic Dart               Conj           0%         1d3       97%         1
 Searing Ray              Conj           0%         2d4       99%         2
 Fulminant Prism          Conj/Hex       0%         3d5       100%        4


Dungeon Overview and Level Annotations

Branches:
Dungeon (8/15)             Temple (1/1) D:6
   Lair: D:8-11

Altars:
Ashenzari
Dithmenos
Elyvilon
Fedhas
Gozag
Hepliaklqana
Kikubaaqudgha
Makhleb
Ru
Sif Muna
Trog
Uskayaw
Wu Jian
Xom
Yredelemnul
Zin

Annotations:
D:3 1 runed translucent door, NinjaNoafa's ghost, amateur MiFi


Innate Abilities, Weirdness & Mutations

You are immune to sickness and miasma.
Your stone body is resilient. (AC +6)
You are immune to poison.
You resist negative energy. (rN+)
You are resistant to electric shocks. (rElec)
You are resistant to unholy torment.
You are immune to petrification.


Message History

Found a stone staircase leading up and a stone staircase leading down.
A two-headed ogre comes into view.
It is wielding two +0 giant spiked clubs.
The two-headed ogre shouts in stereo!
Found a stone staircase leading down.
A kobold comes into view. It is wielding a +0 whip.
The kobold shouts!
The two-headed ogre closely misses you.
The two-headed ogre hits you but does no damage.
You hit the two-headed ogre but do no damage.
The two-headed ogre is poisoned.
The two-headed ogre hits you with a +0 giant spiked club.
The two-headed ogre closely misses you.
You slash the two-headed ogre!
The two-headed ogre looks as sick as possible!
The two-headed ogre is moderately wounded.
You slice the two-headed ogre!!
The two-headed ogre looks as sick as possible!
The two-headed ogre is heavily wounded.
The two-headed ogre closely misses you. You block the two-headed ogre's attack.
A kobold brigand comes into view.
It is wielding a +0 whip and quivering poisoned darts.
A kobold comes into view. It is wielding a +0 short sword.
The kobold brigand moves out of view.
The kobold shouts!
You hit the two-headed ogre but do no damage.
The two-headed ogre looks as sick as possible!
The two-headed ogre is heavily wounded.
You hear a shout!
The two-headed ogre hits you with a +0 giant spiked club.
The two-headed ogre hits you with a +0 giant spiked club!
You slash the two-headed ogre!
The two-headed ogre looks as sick as possible!
The two-headed ogre is almost dead.
The two-headed ogre hits you with a +0 giant spiked club!!
* * * LOW HITPOINT WARNING * * *
The two-headed ogre hits you with a +0 giant spiked club.
* * * LOW HITPOINT WARNING * * *
The two-headed ogre attacks as you move away!
The two-headed ogre hits you with a +0 giant spiked club!
You die...
Your body crumbles into a pile of gold.

.>....... .. #<##..#.##..
#.##....... ###........#
. ..........#.. ########
#.#.KK......
##......###...........
##........@OK.....#
##.........##.#....#
######..........##.#....#
#...............##.#.>..#
#######.........##......#
# #.........####....# ##
#........... ...... .##
#.........## .......
.(#####.#######.#


You could see a two-headed ogre (extremely poisoned), a kobold brigand and 2
kobolds.

Vanquished Creatures
  The ghost of qeuew the Shooter, a novice SpHu of Dithmenos (D:5)
  Prince Ribbit (D:6)
  Sigmund (D:1)
  2 steam dragons
  A water moccasin (D:6)
  An ice beast (D:6)
  2 ogres
  3 black bears (D:6)
  2 phantoms
  2 bullfrogs (D:6)
  2 scorpions
  8 wights
  2 howler monkeys (D:7)
  2 jellies
  3 orc priests
  2 hounds
  Crazy Yiuf (D:5)
  Natasha (thrice) (D:2)
  3 iguanas (D:6)
  2 howler monkey zombies (D:5)
  9 adders
  2 shadow imps (D:7)
  3 white imps
  An ufetubus (D:3)
  A worm (D:2)
  2 dart slugs (D:1)
  15 orcs
  9 endoplasms
  4 giant cockroaches
  4 goblins
  8 hobgoblins
  3 jackals (D:1)
  7 kobolds
  3 quokkas
  5 ball pythons
  7 bats
  4 frilled lizards
  15 rats
146 creatures vanquished.

Vanquished Creatures (others)
  A human (D:4)
  An orc (D:6)
2 creatures vanquished.

Grand Total: 148 creatures vanquished

Notes
Turn   | Place    | Note
-------+----------+-------------------------------------------
     0 | D:1      | timneilson the Gargoyle Fighter began the quest for the
                  | Orb.
     0 | D:1      | Reached XP level 1. HP: 14/14 MP: 1/1
    47 | D:1      | Reached XP level 2. HP: 7/19 MP: 2/2
   404 | D:1      | Reached XP level 3. HP: 23/23 MP: 3/3
  1049 | D:2      | Noticed Natasha
  1055 | D:2      | Noticed Sigmund
  1059 | D:2      | Killed Natasha
  1060 | D:2      | Reached XP level 4. HP: 19/29 MP: 4/4
  1149 | D:1      | Killed Sigmund
  1150 | D:1      | Reached skill level 1 in Dodging
  1150 | D:1      | Reached XP level 5. HP: 32/33 MP: 5/5
  1150 | D:1      | Reached XP level 6. HP: 37/38 MP: 6/6
  1166 | D:2      | Noticed Natasha
  1184 | D:2      | Killed Natasha
  1238 | D:2      | Noticed Natasha
  1249 | D:2      | Killed Natasha
  1864 | D:3      | Found a runed translucent door.
  1878 | D:3      | Noticed NinjaNoafa's ghost (amateur MiFi)
  2308 | D:4      | Reached skill level 5 in Armour
  2432 | D:4      | Reached skill level 5 in Shields
  2432 | D:4      | Reached XP level 7. HP: 19/43 MP: 7/7
  2535 | D:4      | Found an ancient bone altar of Kikubaaqudgha.
  2538 | D:4      | Noticed a human
  2540 | D:4      | Killed a human
  3314 | D:5      | Entered Level 5 of the Dungeon
  3350 | D:5      | Found a runed translucent gate.
  3350 | D:5      | Found a runed translucent gate.
  3350 | D:5      | Found a runed translucent gate.
  3350 | D:5      | Noticed qeuew's ghost (novice SpHu)
  3352 | D:5      | Found a basalt altar of Yredelemnul.
  3421 | D:5      | Identified the +7 hammer of the Fortune-Teller {freeze,
                  | Will++}
  3423 | D:5      | Found a runed translucent door.
  3424 | D:5      | Noticed Crazy Yiuf
  4292 | D:5      | Killed Crazy Yiuf
  4297 | D:5      | Identified the +9 hammer of Hitaj {vorpal, rF+ Str+2}
  4395 | D:6      | Found a staircase to the Ecumenical Temple.
  4444 | D:6      | Reached skill level 1 in Evocations
  4444 | D:6      | Reached XP level 8. HP: 42/48 MP: 8/8
  4458 | D:6      | Found a glowing silver altar of Zin.
  4665 | Temple   | Entered the Ecumenical Temple
  4716 | Temple   | Became a worshipper of Gozag Ym Sagoz the Greedy
  4746 | D:6      | Reached skill level 5 in Fighting
  4746 | D:6      | Reached skill level 5 in Long Blades
  4782 | D:6      | Found a bloodstained altar of Trog.
  5016 | D:6      | Reached XP level 9. HP: 24/54 MP: 9/9
  5531 | D:6      | Noticed Prince Ribbit
  5569 | D:6      | Killed Prince Ribbit
  5704 | D:6      | Found a faded altar of an unknown god.
  5704 | D:6      | Found a hazy altar of Hepliaklqana.
  5704 | D:6      | Found a faded altar of an unknown god.
  5831 | D:6      | Identified a scroll of acquirement
  5831 | D:6      | Acquired the +8 double sword "Beguzuff" {venom, rC+ Will+}
  5962 | D:5      | Killed qeuew's ghost
  7099 | D:8      | Noticed a two-headed ogre
  7113 | D:8      | Mangled by a two-headed ogre

Illustrated notes

Levels and vault maps discovered:
D:1:      minmay_arrival_checkered_box, layout_loops_ring, serial_aquarium,
          aquarium_bridge_long_joined [aquarium_subvault_wall,
          aquarium_subvault_window, aquarium_subvault_bridge,
          aquarium_subvault_window, aquarium_subvault_bridge,
          aquarium_subvault_bridge], aquarium_window_1,
          aquarium_window_corridor_3, aquarium_window_1, aquarium_window_corner,
          aquarium_view_2d, aquarium_view_2f, aquarium_balcony_5a
D:2:      layout_basic, minmay_hedge_maze, uniq_sigmund, uniq_natasha
D:3:      layout_basic, ebering_ghost_sewer_d, hex_tiny, st_stairs_14,
          minmay_quadrilaterals
D:4:      layout_basic, tgw_kikubaaqudgha, kennysheep_cluttered_room
D:5:      layout_cave_pods, nicolae_yredelemnul_ghost_church,
          minmay_misc_feat_rows, uniq_crazy_yiuf_cottage
D:6:      layout_rooms, trog_three_pillars_becter, marbit_many_paths,
          nicolae_hepliaklqana_ecumenical_no_more, temple_doors_e,
          uniq_prince_ribbit1
D:7:      layout_cave_pods, chequers_serial_rivers_small_b
D:8:      layout_basic, nicolae_tso_swordbearing_angel,
          amethyst_overflow_temple_binary, david_lair_generic,
          minmay_manual_macuahuitl, uniq_pikel
Temple:   hellmonk_temple_of_storms

Skill      XL: |  1  2  3  4  5  6  7  8  9 |
---------------+----------------------------+-----
Long Blades    | 2 3 4 5 6 |  6.2
Armour         | 4 5 6 7 |  7.8
Fighting       | 4 5 |  5.8
Dodging        | 1 2 3 |  3.5
Shields        | 4 5 6 7 |  7.7
Evocations     | 1 2 3 |  3.0

Action                   |  1- 3 |  4- 6 |  7- 9 || total
-------------------------+-------+-------+-------++-------
Melee: Long sword        |   138 |   191 |   326 ||   655
       Double sword      |       |       |    55 ||    55
Evoke: Wand              |       |       |     2 ||     2
  Use: Scroll            |     2 |    11 |     9 ||    22
       Potion            |       |     1 |     2 ||     3
Armor: Scale mail        |    62 |       |       ||    62
       Chain mail        |    22 |   162 |   241 ||   425
Dodge: Dodged            |    65 |    82 |   153 ||   300
Block: Buckler           |    38 |    51 |    85 ||   174

Table legend: (Time is in decaauts)
 A = Elapsed time spent in this place.
 B = Non-inter-level travel time spent in this place.
 C = Inter-level travel time spent in this place.
 D = Time resting spent in this place.
 E = Time spent auto-exploring this place.
 F = Levels seen in this place.
 G = Mean time per level.
                   A        B        C        D        E       F      G
               +--------+--------+--------+--------+--------+-----+--------+
         Total |   7306 |   7033 |    273 |     68 |   5121 |   9 |  811.8 |
       Dungeon |   7249 |   6985 |    264 |     68 |   5089 |   8 |  906.1 |
        Temple |     56 |     47 |      9 |      0 |     32 |   1 |   56.0 |
               +--------+--------+--------+--------+--------+-----+--------+

Top non-repeatable levels by time:
     D:6: 1627 daAuts
     D:4: 1084 daAuts
     D:5: 1061 daAuts
     D:1: 1034 daAuts
     D:7: 845 daAuts
     D:3: 660 daAuts
     D:2: 657 daAuts
     D:8: 279 daAuts
  Temple: 56 daAuts
